 Dungeon Crawl Stone Soup version 0.32-a0-607-g64ea0e4219 (webtiles) character file.

Game seed: 18244902529227006103

346743 backslashecho the Slayer (level 22, -2/196 HPs)
             Began as a Coglin Berserker on Mar 3, 2024.
             Was the Champion of Trog.
             Slain by a rockslime (46 damage)
             ... on level 5 of the Pits of Slime on Mar 4, 2024.
             The game lasted 03:07:55 (59374 turns).

backslashecho the Slayer (Coglin Berserker)        Turns: 59374, Time: 03:07:55

Health: -2/196     AC: 18    Str: 26    XL:     22   Next: 13%
Magic:  13/22      EV: 12    Int: 11    God:    Trog [******]
Gold:   2694       SH:  0    Dex: 13    Spells: 21/21 levels left

rFire   . . .        N - +9 broad axe (heavy) {Cyneburga}
rCold   + . .        T - +1 broad axe (vamp) {Cihuaton}
rNeg    . . .        L - +1 plate armour {rC+}
rPois   +            l - +0 helmet of Impatience {Harm rElec Int+3 Dex-4}
rElec   +            i - +1 cloak "Vyjoc" {Rampage Str+2 SInv}
rCorr   +            z - +1 pair of gloves
SInv    +            Z - +2 pair of boots
Will    ++...        (amulet unavailable) Stlth
                     (ring unavailable)
HPRegen 0.52/turn    (ring unavailable)
MPRegen 0.18/turn    P
                       - N-9700 cryoscope {rPois Will+ rCorr Clar RMsl}

%: harm (+30% outgoing, +20% incoming), repel missiles, clarity, rampage
@: corroded, revving
A: off-hand wielding, slow wielding, warmup strikes, no jewellery
}: 2/15 runes: serpentine, barnacled
a: Renounce Religion, Berserk, Trog's Hand, Brothers in Arms


You were on level 5 of the Pits of Slime.
You worshipped Trog.
Trog was exalted by your worship.
You visited 8 branches of the dungeon, and saw 40 of its levels.
You also visited: Ossuary and Ice Cave.

You collected 5630 gold pieces.
You spent 2936 gold pieces at shops.

Inventory:

Hand Weapons
 H - a +1 antimagic broad axe {Gyeongja}
 N - a +9 heavy broad axe (weapon) {Cyneburga}
 T - a +1 vampiric broad axe (offhand) {Cihuaton}
Missiles
 c - 11 throwing nets
 A - 43 poisoned darts (quivered)
 W - 4 curare-tipped darts
Armour
 i - the +1 cloak "Vyjoc" (worn) {Rampage Str+2 SInv}
   (You acquired it on level 1 of the Shoals)

   Str+2:     It affects your strength (+2).
   SInv:      It lets you see invisible.
   Rampage:   It bestows one free step when moving towards enemies.
 l - the +0 helmet of Impatience (worn) {Harm rElec Int+3 Dex-4}
   (You acquired it on level 10 of the Dungeon)

   Int+3:     It affects your intelligence (+3).
   Dex-4:     It affects your dexterity (-4).
   rElec:     It insulates you from electricity.
   Harm:      It increases damage dealt and taken.
 y - a +1 plate armour of fire resistance
 z - a +1 pair of gloves (worn)
 D - +3 storm dragon scales {Bai Suzhen}
 L - a +1 plate armour of cold resistance (worn)
 Z - a +2 pair of boots (worn)
Gizmo
 P - a N-9700 cryoscope (installed) {rPois Will+ rCorr Clar RMsl}
   (You invented it yourself on level 4 of the Lair of Beasts)

   [N-9700 cryoscope]

   rPois:     It protects you from poison.
   Will+:     It increases your willpower.
   Clar:      It protects you from confusion, rage, mesmerisation and fear.
   RMsl:      It protects you from missiles.
   rCorr:     It protects you from acid and corrosion.
Wands
 v - a wand of acid (36)
 C - a wand of paralysis (22)
 F - a wand of mindburst (31)
 I - a wand of flame (36)
 J - a wand of digging (6)
 O - a wand of iceblast (3)
 U - a wand of polymorph (18)
Scrolls
 g - 2 scrolls of enchant weapon
 h - a scroll of summoning
 k - 8 scrolls of teleportation
 n - 3 scrolls of vulnerability
 o - 7 scrolls of noise
 q - 7 scrolls of revelation
 u - 4 scrolls of fog
 x - 7 scrolls of poison
 B - a scroll of blinking
 E - 2 scrolls of silence
 K - 6 scrolls of fear
 S - 4 scrolls of enchant armour
Potions
 b - 9 potions of mutation
 d - 3 potions of berserk rage
 e - 7 potions of resistance
 f - 34 potions of curing
 j - 6 potions of heal wounds
 m - 4 potions of enlightenment
 p - 5 potions of might
 r - 2 potions of invisibility
 t - 2 potions of haste
 w - a potion of ambrosia
 Q - a potion of magic
 Y - a potion of cancellation
Miscellaneous
 M - a sack of spiders
 R - a phantom mirror
 X - a lightning rod (2/4)


   Skills:
 + Level 21.9 Fighting
 - Level 2.0 Short Blades
 - Level 18.0 Axes
 - Level 6.0 Throwing
 + Level 21.2 Armour
 - Level 9.0 Dodging
 - Level 18.0 Evocations


You had 21 spell levels left.
You didn't know any spells.
Your spell library was empty.

Dungeon Overview and Level Annotations

Branches:
Dungeon (15/15)            Temple (1/1) D:5            Lair (5/5) D:10
 Shoals (4/4) Lair:2        Snake (4/4) Lair:2        Slime (5/5) Lair:4
    Orc (2/2) D:11            Elf (0/3) Orc:2        Vaults (4/5) D:13
  Crypt (0/3) Vaults:2     Depths (0/4) D:15        Ossuary (visited)
  IceCv (visited)

Altars:
Ashenzari
Cheibriados
Dithmenos
Elyvilon
Fedhas
Gozag
Hepliaklqana
Kikubaaqudgha
Makhleb
Nemelex Xobeh
Okawaru
Qazlal
Ru
Sif Muna
Trog
Uskayaw
Vehumet
Wu Jian
Xom
Yredelemnul
Zin
The Shining One
Beogh
Lugonu

Shops:
D:4 !   D:7 [   D:12 (   Orc:2 *?*[   Shoals:1 (:::=(   Snake:1 (=   Snake:2 (
Vaults:1 =

Portals:
Abyss: Lair:5

Annotations:
D:4 1 runed translucent door, 1 exclusion, Crazy Yiuf
D:8 exclusions: 5 centaurs and 9 more exclusions
Temple 2 transporters
Lair:2 1 runed translucent door, exclusion: door, Nowup's ghost, journeyman GnSh
Snake:2 1 runed translucent door, exclusion: door, Komet's ghost, journeyman HOMo


Innate Abilities, Weirdness & Mutations

You can wield a second weapon in your off-hand.
It takes a long time for you to wield or remove held weapons.
Your first few attacks do less damage.
You cannot equip rings or amulets.


Message History

You closely miss the azure jelly with your +1 vampiric broad axe.
You hit the azure jelly but do no damage.
The azure jelly hits you but does no damage.
The azure jelly barely misses you. The azure jelly hits you!
The azure jelly hits you.
You take 15 damage, and have 131/196 hp.
You slice the azure jelly with your +9 heavy broad axe!!
The azure jelly is moderately wounded.
You barely miss the azure jelly with your +1 vampiric broad axe.
The azure jelly closely misses you. The azure jelly hits you.
The azure jelly freezes you!! You resist.
The azure jelly hits you but does no damage.
The azure jelly hits you.
You take 27 damage, and have 104/196 hp.
You slice the azure jelly with your +9 heavy broad axe!!
The azure jelly is severely wounded.
You slash the azure jelly with your +1 vampiric broad axe!
You feel better. The azure jelly closely misses you.
The azure jelly barely misses you.
The azure jelly hits you but does no damage.
The azure jelly hits you.
You regained 8 hp, and now have 112/196 hp.
You carve the azure jelly like a ham with your +1 vampiric broad axe!!!
You feel better.
You kill the azure jelly!
Trog accepts your kill. The great orb of eyes gazes at you.
You resist with almost no effort. The acid blob spits acid at you.
The splash of acid hits you! You resist. The acid corrodes you!
You take 7 damage, and have 106/196 hp.
You slash the great orb of eyes with your +9 heavy broad axe!
The great orb of eyes is moderately wounded.
You slash the great orb of eyes with your +1 vampiric broad axe!
The acid blob spits acid at you.
The splash of acid is repelled.
The great orb of eyes closely misses you.
You barely miss the great orb of eyes with your +1 vampiric broad axe.
The great orb of eyes is heavily wounded.
You carve the great orb of eyes like a ham with your +9 heavy broad axe!!!
You kill the great orb of eyes!
Trog accepts your kill.
You hit the rockslime with your +1 vampiric broad axe.
You feel better.
The rockslime is lightly wounded.
You open the rockslime like a pillowcase with your +9 heavy broad axe!!!
You kill the rockslime!
That felt strangely unrewarding.
You start resting.
An acid blob is nearby!
The acid blob spits acid at you.
The splash of acid hits you but does no damage.
The acid blob hits you!! The acid corrodes you!
You are splashed with acid.
You resist.
You see here +0 fire dragon scales.
You take 30 damage, and have 80/196 hp.
You hit the acid blob but do no damage.
Your graspers burn!
You cut the acid blob into ribbons with your +9 heavy broad axe!!!
Your graspers burn!
The acid blob hits you.
You are splashed with acid.
You resist.
You take 12 damage, and have 68/196 hp.
You hit the acid blob with your +9 heavy broad axe.
Your graspers burn!
The acid blob is heavily wounded.
You hit the acid blob with your +1 vampiric broad axe.
You feel better.
Your graspers burn!
The acid blob hits you but does no damage.
You take 2 damage, and have 66/196 hp.
You slice the acid blob with your +1 vampiric broad axe!!
You feel better.
Your graspers burn!
The acid blob is almost dead.
You slash the acid blob with your +9 heavy broad axe!
You kill the acid blob!
Trog accepts your kill.
You regained 3 hp, and now have 69/196 hp.
K - 6 scrolls of fear (gained 1)
Press: ? - help, v - describe, . - travel, g - get item Item here: the +8 trishula "Condemnation" {holy, anguish, *Noise Fly rN+}.
The floor.
You start resting.
A rockslime comes into view.
You regained 15 hp, and now have 85/196 hp.
You regained 5 mp, and now have 11/22 mp.
The rockslime quivers.
You barely miss the rockslime with your +1 vampiric broad axe.
You slash the rockslime with your +9 heavy broad axe!
The rockslime hits you but does no damage.
You hit the rockslime but do no damage.
The rockslime is moderately wounded.
You hit the rockslime but do no damage. The rockslime hits you!!!
* * * LOW HITPOINT WARNING * * *
You hold your ground!
You take 45 damage, and have 44/196 hp.
MASSIVE DAMAGE!!
You are too injured to fight recklessly!
You slice the rockslime with your +9 heavy broad axe!!
The rockslime is almost dead.
You hit the rockslime but do no damage. The rockslime hits you!!!
You die...

########## #[.:/)/.?#
#@..)).!)# ###J(..[/###
###.##[))$##.###
###....#....#....###
#..................###
###
..^...................#
###....
.......................
.......
.......................
J......
.......................


You could see a rockslime.

Vanquished Creatures
  Dissolution (Slime:3)
  the Royal Jelly (Slime:5)
  Sojobo (Vaults:4)
  Bai Suzhen (Vaults:3)
  Vashnia (Snake:3)
  Margery (Vaults:3)
  A bone dragon (Vaults:2)
  Norris (Vaults:1)
  Jorgrun (Snake:1)
  Zenata (Vaults:1)
  3 sphinxes
  16 acid blobs
  Gastronok (Orc:1)
  A searing wretch (Vaults:3)
  Donald (Snake:3)
  Agnes (Snake:3)
  Kirke (Lair:5)
  3 tengu reavers
  A fire giant (Vaults:4)
  6 azure jellies (Slime:5)
  2 nagarajas (Snake:4)
  9 rockslimes
  2 frost giants
  9 vault wardens
  An orc warlord (Vaults:2)
  6 formless jellyfish
  4 quicksilver oozes
  4 very ugly things (Vaults:1)
  12 ironbound preservers
  9 ironbound thunderhulks
  A stone giant (Vaults:4)
  A war gargoyle (Vaults:2)
  19 dire elephants
  Azrael (Snake:1)
  4 merfolk javelineers (Shoals:4)
  Snorg (D:11)
  14 merfolk impalers
  Josephine (D:13)
  3 entropy weavers
  10 great orbs of eyes
  A deep elf high priest (Vaults:3)
  3 salamander tyrants
  6 yaktaur captains
  8 vault guards
  2 catoblepae (Lair:5)
  4 ogre magi (Orc:2)
  A peacekeeper (Vaults:2)
  5 hydras
  14 anacondas
  2 merfolk avatars (Shoals:3)
  5 centaur warriors
  A death knight (D:15)
  9 ironbound frosthearts
  2 satyrs
  3 alligator snapping turtles
  5 merfolk aquamancers (Shoals:4)
  2 boulder beetles
  24 two-headed ogres
  13 death yaks
  2 tengu warriors (D:15)
  3 thrashing horrors (Lair:5)
  Urug (Lair:1)
  18 naga warriors
  11 naga sharpshooters
  2 hell knights (Vaults:3)
  5 shock serpents
  4 salamander mystics
  11 skysharks
  17 sea snakes
  24 deep trolls
  A glowing orange brain (Vaults:1)
  2 bog bodies (IceCv)
  4 mana vipers
  4 harpies (Shoals:2)
  12 arcanists
  4 lindwurms (Vaults:2)
  11 ironbound convokers
  3 phantasmal warriors
  2 necromancers (D:13)
  5 fauns
  3 shining eyes
  22 manticores
  7 orc knights
  An orc sorcerer (Orc:1)
  4 deep elf pyromancers
  35 ugly things
  Maurice (D:10)
  3 meliai (D:13)
  15 salamanders
  3 kobold blastminers
  2 meliai (shapeshifter)
  7 elephants
  8 cyclopes
  5 merfolk sirens
  11 guardian serpents
  An eye of devastation (shapeshifter) (Vaults:3)
  16 naga magi
  15 vault sentinels
  A smoke demon (Lair:5)
  8 water nymphs
  2 eyes of devastation
  An ice statue (IceCv)
  12 cane toads
  3 torpor snails (Lair:4)
  30 black mambas
  A large abomination (Lair:5)
  A gargoyle (D:13)
  A rime drake (Lair:3)
  21 yaktaurs
  2 unseen horrors (D:11)
  A kobold demonologist (D:11)
  A yaktaur (shapeshifter) (Lair:5)
  An anaconda simulacrum (IceCv)
  A freezing wraith (D:15)
  8 komodo dragons
  8 trolls
  33 merfolk
  3 raiju (Lair:5)
  3 wind drakes
  A hornet (D:10)
  6 snapping turtles
  20 blink frogs
  12 dream sheep
  A raiju (shapeshifter) (D:13)
  60 slime creatures
  A culicivora (shapeshifter) (Lair:5)
  Sigmund (D:4)
  A ynoxinul (Lair:5)
  5 wraiths
  41 yaks
  9 water elementals
  A golden eye (shapeshifter) (D:15)
  2 wyverns
  2 wargs
  2 fire elementals (Snake:1)
  18 humans (D:13)
  12 golden eyes
  10 basilisks
  7 hogs (Lair:5)
  12 vampire mosquitoes
  3 steam dragons
  Eustachio (D:4)
  A chaos spawn (Lair:5)
  3 redbacks
  5 acid dragons
  3 harpy simulacra (IceCv)
  8 small abominations (Lair:5)
  52 nagas
  3 death yak simulacra (IceCv)
  Edmund (D:5)
  Duvessa (D:4)
  3 hell hounds (Snake:1)
  8 water moccasins
  A hydra simulacrum (IceCv)
  15 orc warriors
  2 laughing skulls (D:15)
  27 ogres
  12 wolves
  8 centaurs
  A phantom (D:6)
  5 kobold brigands
  7 bullfrogs
  Blork the orc (D:5)
  A gnoll sergeant (D:6)
  3 cane toad simulacra (IceCv)
  4 scorpions
  6 two-headed ogre simulacra (IceCv)
  11 wights
  5 killer bees (D:9)
  Dowan (D:4)
  8 howler monkeys
  2 bombardier beetles
  7 jellies
  3 gnoll boudas
  4 hounds
  11 orc priests
  3 sleepcaps
  2 centaur skeletons (Ossuary)
  15 orc wizards
  A spectral scorpion (Ossuary)
  Ijyb (D:4)
  Terence (D:3)
  3 scorpion zombies (D:6)
  Natasha (thrice) (D:3)
  3 iguanas
  3 spriggan simulacra (IceCv)
  A polar bear simulacrum (IceCv)
  4 troll simulacra (IceCv)
  3 wolf simulacra (IceCv)
  A crocodile zombie (Ossuary)
  7 mummies (Ossuary)
  A howler monkey skeleton (D:6)
  5 adders
  16 gnolls
  8 naga simulacra (IceCv)
  A shadow imp (D:5)
  4 white imps (IceCv)
  7 ufetubi
  3 ribbon worms
  4 dart slugs
  58 orcs
  3 endoplasms (D:1)
  A giant cockroach (D:3)
  4 goblins
  5 hobgoblins
  6 jackals
  10 quokkas
  3 training dummies (Shoals:1)
  6 ball pythons
  5 bats
  6 frilled lizards
  A gnoll skeleton (Ossuary)
  21 kobolds
  4 kobold skeletons (Ossuary)
  An orc skeleton (Ossuary)
  7 rats
  10 spectral rats (Ossuary)
1426 creatures vanquished.

Vanquished Creatures (collateral kills)
  2 acid blobs (Slime:5)
  3 quicksilver oozes (Slime:5)
  A great orb of eyes (Vaults:4)
  Erica (Orc:1)
  3 death yaks (Lair:5)
  A hell knight (Vaults:3)
  2 deep trolls (Vaults:3)
  A necromancer (Vaults:3)
  A yaktaur (Vaults:3)
  A blink frog (Lair:5)
  A small abomination (Lair:5)
17 creatures vanquished.

Grand Total: 1443 creatures vanquished

Notes
Turn   | Place    | Note
-------+----------+-------------------------------------------
     0 | D:1      | backslashecho the Coglin Berserker began the quest for the
                  | Orb.
     0 | D:1      | Reached XP level 1. HP: 18/18 MP: 1/1
   172 | D:1      | Reached XP level 2. HP: 24/24 MP: 2/2
   372 | D:1      | Reached skill level 1 in Short Blades
   527 | D:1      | Reached ** piety under Trog
   669 | D:1      | Reached XP level 3. HP: 29/29 MP: 3/3
  1852 | D:3      | Noticed Natasha
  2155 | D:3      | Reached XP level 4. HP: 19/35 MP: 4/4
  2470 | D:3      | Killed Natasha
  2516 | D:3      | Found a faded altar of an unknown god.
  2551 | D:3      | Noticed Terence
  2558 | D:3      | Killed Terence
  2559 | D:3      | Reached XP level 5. HP: 41/41 MP: 5/5
  3007 | D:3      | Noticed Natasha
  3016 | D:3      | Killed Natasha
  3042 | D:3      | Found a hazy altar of Hepliaklqana.
  3082 | D:3      | Noticed Natasha
  3090 | D:3      | Killed Natasha
  3193 | D:4      | Noticed Sigmund
  3199 | D:4      | Killed Sigmund
  3200 | D:4      | Reached skill level 5 in Axes
  3200 | D:4      | Reached XP level 6. HP: 49/49 MP: 6/6
  3275 | D:4      | Noticed Eustachio
  3321 | D:4      | Killed Eustachio
  3322 | D:4      | Reached XP level 7. HP: 36/55 MP: 7/7
  3402 | D:4      | Found an opulent altar of Gozag.
  3402 | D:4      | Found a faded altar of an unknown god.
  3413 | D:4      | Found a sparkling altar of Nemelex Xobeh.
  3415 | D:4      | Found a bloodstained altar of Trog.
  3417 | D:4      | Found a blossoming altar of Fedhas.
  3440 | D:4      | Found a radiant altar of Vehumet.
  3483 | D:4      | Noticed Dowan
  3485 | D:4      | Noticed Duvessa
  3501 | D:4      | Killed Duvessa
  3502 | D:4      | Reached skill level 5 in Fighting
  3528 | D:4      | Killed Dowan
  3802 | D:4      | Reached *** piety under Trog
  3965 | D:4      | Found Laivad's Distillery.
  3973 | D:4      | Bought a potion of curing for 30 gold pieces
  3973 | D:4      | Bought a potion of heal wounds for 50 gold pieces
  4322 | D:4      | Reached XP level 8. HP: 62/62 MP: 8/8
  4547 | D:4      | Found a snail-covered altar of Cheibriados.
  4563 | D:4      | Noticed Ijyb
  4568 | D:4      | Killed Ijyb
  4717 | D:4      | Found a runed translucent door.
  4718 | D:4      | Noticed Crazy Yiuf
  4858 | D:5      | Entered Level 5 of the Dungeon
  4981 | D:5      | Identified the +1 spear of the Eight People {elec, Fly rC+
                  | Str+2}
  5016 | D:5      | Noticed Blork the orc
  5373 | D:5      | Found a staircase to the Ecumenical Temple.
  5405 | D:5      | Killed Blork the orc
  5417 | Temple   | Found a transporter.
  5417 | Temple   | Found a transporter.
  5417 | Temple   | Found a transporter.
  5417 | Temple   | Found a transporter.
  5417 | Temple   | Entered the Ecumenical Temple
  5612 | D:5      | Noticed Edmund
  5624 | D:5      | Killed Edmund
  6049 | D:5      | Reached skill level 9 in Axes
  6183 | D:6      | Identified a scroll of acquirement
  6183 | D:6      | Acquired 1015 gold pieces
  6263 | D:6      | Found a sand-covered staircase.
  6270 | Ossuary  | Entered an ossuary
  6530 | Ossuary  | Reached XP level 9. HP: 33/68 MP: 9/9
  7167 | D:6      | Found an ancient bone altar of Kikubaaqudgha.
  7212 | D:6      | Reached skill level 5 in Armour
  7229 | D:6      | Reached **** piety under Trog
  7411 | D:6      | Reached skill level 1 in Evocations
  7497 | D:6      | Found an ornate altar of the Wu Jian Council.
  8251 | D:7      | Found Zicwip's Armour Shop.
  8397 | D:4      | Bought a potion of curing for 30 gold pieces
  8397 | D:4      | Bought a potion of curing for 30 gold pieces
  8397 | D:4      | Bought a potion of curing for 30 gold pieces
  8629 | D:7      | Found a shadowy altar of Dithmenos.
  9123 | D:8      | Found a glowing silver altar of Zin.
  9170 | D:8      | Noticed a two-headed ogre
  9184 | D:8      | Killed a two-headed ogre
  9185 | D:8      | Reached XP level 10. HP: 44/76 MP: 10/10
  9238 | D:8      | Reached skill level 5 in Evocations
  9597 | D:8      | Noticed a two-headed ogre
  9610 | D:8      | Killed a two-headed ogre
  9973 | D:8      | Reached ***** piety under Trog
 10652 | D:9      | Reached skill level 12 in Axes
 10849 | D:9      | Noticed a two-headed ogre
 10867 | D:9      | Killed a two-headed ogre
 11273 | D:9      | Reached XP level 11. HP: 84/84 MP: 11/11
 11919 | D:10     | Entered Level 10 of the Dungeon
 11919 | D:10     | Noticed a two-headed ogre
 11925 | D:10     | Killed a two-headed ogre
 12050 | D:10     | You fall into a shaft and drop 1 floor!
 12052 | D:11     | Noticed a two-headed ogre
 12056 | D:11     | Killed a two-headed ogre
 12576 | D:10     | Found a broken altar of Ashenzari.
 12576 | D:10     | Found a hide-covered altar of Uskayaw.
 12649 | D:10     | Noticed Maurice
 12663 | D:10     | Something stole the +1 spear of the Eight People {elec, Fly
                  | rC+ Str+2}
 12664 | D:10     | Something stole 14 poisoned darts
 12666 | D:10     | Killed Maurice
 13420 | D:10     | Reached skill level 9 in Evocations
 13590 | D:10     | Found a staircase to the Lair.
 13756 | D:11     | Noticed a two-headed ogre
 13763 | D:11     | Killed a two-headed ogre
 13767 | D:11     | Noticed a two-headed ogre
 13771 | D:11     | Reached skill level 9 in Fighting
 13775 | D:11     | Killed a two-headed ogre
 13792 | D:11     | HP: 3/89 [yak (13)]
 13799 | D:10     | Reached XP level 12. HP: 24/95 MP: 12/12
 14005 | D:10     | Acquired the +0 helmet of Impatience {Harm rElec Int+3
                  | Dex-4}
 14407 | D:11     | Found a staircase to the Orcish Mines.
 14419 | D:11     | Found a roughly hewn altar of Beogh.
 14550 | D:11     | Noticed a two-headed ogre
 14570 | D:11     | Killed a two-headed ogre
 14592 | D:11     | Reached skill level 15 in Axes
 15359 | D:12     | Found Pemniun's Antique Weapon Emporium.
 15462 | D:7      | Bought a +2 ring mail of poison resistance for 252 gold
                  | pieces
 15605 | Orc:1    | Entered Level 1 of the Orcish Mines
 15605 | Orc:1    | Noticed Snorg
 15605 | Orc:1    | Noticed Gastronok
 15865 | Lair:1   | Entered Level 1 of the Lair of Beasts
 15865 | Lair:1   | Noticed Urug
 15877 | Lair:1   | Killed Urug
 15878 | Lair:1   | Reached skill level 1 in Throwing
 16046 | Lair:1   | Received a gift from Trog
 17377 | Lair:2   | Found a frozen archway.
 17436 | IceCv    | Entered an ice cave
 17713 | IceCv    | Reached XP level 13. HP: 101/101 MP: 13/13
 18337 | Lair:2   | Found a staircase to the Shoals.
 18445 | Lair:2   | Found a runed translucent door.
 18445 | Lair:2   | Found a shimmering altar of Xom.
 18445 | Lair:2   | Noticed Nowup's ghost (journeyman GnSh)
 18623 | Lair:2   | Found a staircase to the Snake Pit.
 19321 | Lair:3   | Reached skill level 5 in Throwing
 21365 | Lair:4   | Found a staircase to the Slime Pits.
 21729 | Lair:4   | Received a gift from Trog
 22475 | Lair:4   | Reached XP level 14. HP: 19/108 MP: 14/14
 22825 | Lair:4   | Acquired a N-9700 cryoscope {rPois Will+ rCorr Clar RMsl}
 23546 | Lair:5   | Entered Level 5 of the Lair of Beasts
 23557 | Lair:5   | Reached skill level 18 in Axes
 23648 | Lair:5   | Reached skill level 9 in Armour
 25314 | Lair:5   | Noticed Kirke
 25429 | Lair:5   | Received a gift from Trog
 25449 | Lair:5   | Reached skill level 5 in Dodging
 25479 | Lair:5   | Killed Kirke
 25772 | Lair:5   | Reached XP level 15. HP: 117/117 MP: 15/15
 26176 | Lair:5   | Found a corrupted altar of Lugonu.
 26176 | Lair:5   | Found a one-way gate to the infinite horrors of the Abyss.
 26570 | D:12     | Reached skill level 12 in Evocations
 26776 | D:12     | Identified the +3 pair of boots of the Turtledove {rPois
                  | Will- Slay+6}
 27111 | D:11     | Killed Snorg
 27319 | Orc:1    | Killed Gastronok
 27403 | Orc:1    | Noticed Erica
 27413 | Orc:1    | Killed Erica
 27573 | Orc:2    | Entered Level 2 of the Orcish Mines
 27849 | Orc:2    | Received a gift from Trog
 27868 | Orc:2    | Reached skill level 12 in Fighting
 29015 | Orc:2    | Found a staircase to the Elven Halls.
 29069 | Orc:2    | Found Ydaol's Magic Scroll Shoppe.
 29069 | Orc:2    | Found Fischiaf's General Store.
 29070 | Orc:2    | Found Plog's Armour Boutique.
 29070 | Orc:2    | Found Kuiresk's General Store.
 29083 | Orc:2    | Bought a scroll of identify for 32 gold pieces
 29086 | Orc:2    | Bought a +1 plate armour of fire resistance for 385 gold
                  | pieces
 29099 | Orc:2    | Bought a scroll of blinking for 120 gold pieces
 29099 | Orc:2    | Bought a scroll of acquirement for 832 gold pieces
 29099 | Orc:2    | Bought 2 scrolls of blinking for 240 gold pieces
 29102 | Orc:2    | Bought a +1 cloak for 126 gold pieces
 29103 | Orc:2    | Bought a scroll of summoning for 152 gold pieces
 29103 | Orc:2    | Bought a scroll of revelation for 120 gold pieces
 29103 | Orc:2    | Bought a scroll of fog for 64 gold pieces
 29104 | Orc:2    | Bought a scroll of teleportation for 54 gold pieces
 29464 | Orc:1    | Found a roughly hewn altar of Beogh.
 29686 | D:13     | Noticed Josephine
 29688 | D:13     | Killed Josephine
 29846 | D:13     | Reached skill level 12 in Armour
 29858 | D:13     | Reached XP level 16. HP: 97/129 MP: 16/16
 30261 | D:13     | Reached ****** piety under Trog
 30426 | D:13     | Identified the +10 spear of the Forsaken Souls {heavy,
                  | +Blink rCorr Str-2}
 30627 | D:13     | Found a gate to the Vaults.
 30629 | D:13     | Received a gift from Trog
 30816 | D:13     | Acquired 1326 gold pieces
 30818 | D:13     | Acquired a manual of Armour
 31241 | D:14     | Found a blossoming altar of Fedhas.
 32147 | Orc:2    | Bought a scroll of identify for 36 gold pieces
 32148 | Orc:2    | Bought a scroll of identify for 36 gold pieces
 32534 | D:15     | Entered Level 15 of the Dungeon
 33436 | D:15     | Found a staircase to the Depths.
 33645 | D:15     | Found a bloodstained altar of Trog.
 34075 | Snake:1  | Entered Level 1 of the Snake Pit
 34083 | Snake:1  | Noticed Jorgrun
 34092 | Snake:1  | Killed Jorgrun
 34384 | Snake:1  | Received a gift from Trog
 34918 | Snake:1  | Noticed Azrael
 34936 | Snake:1  | Killed Azrael
 34958 | Snake:1  | Found Wecacs's Jewellery Shoppe.
 34958 | Snake:1  | Found Viden's Antique Weapon Emporium.
 36257 | Snake:2  | Reached XP level 17. HP: 136/139 MP: 5/17
 36678 | Snake:2  | Reached skill level 9 in Dodging
 36742 | Snake:2  | Found Lys Bio's Antique Weapon Shoppe.
 36826 | Snake:2  | Identified the +6 rapier of Tuetaj {freeze, rElec rPois rC-
                  | Will++}
 36856 | Snake:2  | Identified the +9 orcbow of Tuyl Duymut {flame, Dex+5}
 36862 | Snake:2  | Reached skill level 15 in Evocations
 37750 | Snake:2  | Found a runed translucent door.
 37750 | Snake:2  | Noticed Komet's ghost (journeyman HOMo)
 38338 | Snake:3  | Noticed Donald
 38346 | Snake:3  | Killed Donald
 38346 | Snake:3  | Received a gift from Trog
 38445 | Snake:3  | Noticed Vashnia
 38469 | Snake:3  | Killed Vashnia
 38770 | Snake:3  | Noticed Agnes
 38793 | Snake:3  | Killed Agnes
 39165 | Snake:3  | Reached skill level 15 in Fighting
 39912 | Snake:4  | Entered Level 4 of the Snake Pit
 41006 | Snake:4  | Received a gift from Trog
 42324 | Snake:4  | Reached XP level 18. HP: 108/149 MP: 6/18
 43332 | Snake:4  | Reached skill level 15 in Armour
 43544 | Snake:4  | Found an iron altar of Okawaru.
 43558 | Snake:4  | Got a serpentine rune of Zot
 44215 | Shoals:1 | Entered Level 1 of the Shoals
 44411 | Shoals:1 | Found Ojaschul's Book Emporium.
 44472 | Shoals:1 | Received a gift from Trog
 44499 | Shoals:1 | Found Yxasir Rui's Book Shop.
 44702 | Shoals:1 | Acquired the +1 cloak "Vyjoc" {Rampage Str+2 SInv}
 44715 | Shoals:1 | Found Kumosm's Antique Weapon Emporium.
 44736 | Shoals:1 | Bought a runed broad axe for 266 gold pieces
 44857 | Shoals:1 | Identified the +8 short sword "Liseamn" {drain, rC+ rN+
                  | Int-5}
 44926 | Shoals:1 | Found Nyud Hadi's Book Shoppe.
 45063 | Shoals:1 | Found Yvyma's Firing Range.
 45071 | Shoals:1 | Bought a throwing net for 51 gold pieces
 45093 | Shoals:1 | Found Naqec's Jewellery Boutique.
 45560 | Shoals:2 | Reached skill level 18 in Evocations
 46087 | Shoals:4 | Entered Level 4 of the Shoals
 48084 | Shoals:4 | Identified the +3 ring mail of a bazaar {Rampage rElec
                  | Str+3}
 48255 | Shoals:4 | Received a gift from Trog
 48542 | Shoals:4 | Reached XP level 19. HP: 143/161 MP: 19/19
 49202 | Shoals:4 | Got a barnacled rune of Zot
 49921 | Vaults:1 | Entered Level 1 of the Vaults
 49943 | Vaults:1 | Noticed Zenata
 49955 | Vaults:1 | Killed Zenata
 50387 | Vaults:1 | Noticed Norris
 50397 | Vaults:1 | Killed Norris
 50398 | Vaults:1 | Reached skill level 18 in Fighting
 51399 | Vaults:1 | Found Qyduts's Jewellery Shoppe.
 52066 | Vaults:2 | Received a gift from Trog
 52129 | Vaults:2 | Noticed a bone dragon
 52142 | Vaults:2 | Killed a bone dragon
 52143 | Vaults:2 | Reached skill level 18 in Armour
 52331 | Vaults:2 | Found a staircase to the Crypt.
 52620 | Vaults:2 | Reached XP level 20. HP: 167/172 MP: 20/20
 53509 | Vaults:3 | Noticed Bai Suzhen
 53516 | Vaults:3 | Killed Bai Suzhen
 53869 | Vaults:3 | Noticed Margery
 54485 | Vaults:3 | Received a gift from Trog
 54520 | Vaults:3 | Paralysed by a formless jellyfish for 1 turns
 54754 | Vaults:3 | Killed Margery
 55005 | Vaults:3 | Identified the ring "Wethrexoo" {Fire MP+9 Str-5 Int+2
                  | Dex+2}
 55649 | Vaults:3 | Received a gift from Trog
 56566 | Vaults:4 | Reached XP level 21. HP: 184/184 MP: 21/21
 56766 | Vaults:4 | Noticed Sojobo
 56772 | Vaults:4 | Paralysed by an air elemental for 1 turns
 56778 | Vaults:4 | Paralysed by an air elemental for 1 turns
 56783 | Vaults:4 | Killed Sojobo
 57460 | Vaults:4 | Reached skill level 21 in Fighting
 58254 | Slime:1  | Entered Level 1 of the Pits of Slime
 58264 | Slime:1  | You fall into a shaft and drop 1 floor!
 58778 | Slime:3  | Noticed Dissolution
 58788 | Slime:3  | Killed Dissolution
 58838 | Slime:3  | Received a gift from Trog
 58917 | Slime:5  | Entered Level 5 of the Pits of Slime
 58942 | Slime:5  | Noticed the Royal Jelly
 59043 | Slime:4  | Reached skill level 21 in Armour
 59200 | Slime:5  | Paralysed by a formless jellyfish for 1 turns
 59203 | Slime:5  | Reached XP level 22. HP: 195/195 MP: 22/22
 59238 | Slime:5  | Killed the Royal Jelly
 59292 | Slime:5  | Found the +8 trishula "Condemnation" {holy, anguish, *Noise
                  | Fly rN+}
 59374 | Slime:5  | Slain by a rockslime

Illustrated notes

Levels and vault maps discovered:
D:1:      minmay_arrival_jagged, layout_loops_corners, dk_noncrumbling_3,
          st_stairs_7
D:2:      layout_basic, minmay_misc_feat_doors, minivault_27,
          minmay_tetromino_s2
D:3:      layout_basic, mainiacjoe_overflow_concentric_impassable,
          shapermc_ecumenical_altar_notcrosses, uniq_terence, uniq_natasha
D:4:      layout_basic, kennysheep_slug_shrine, kennysheep_little_box,
          chequers_temple_overflow_minitemple, serial_shops,
          nicolae_square_shop, uniq_ijyb, uniq_duvessa, uniq_crazy_yiuf_cottage,
          uniq_sigmund, uniq_eustachio
D:5:      layout_loops_corners, minmay_temple_entry_drinking_statues,
          uniq_blork_the_orc, uniq_edmund
D:6:      layout_basic, mainiacjoe_overflow_catwalk_spiral,
          cheibrodos_sewer_entry_bend, mainiacjoe_ossuary_entry_find_the_door
D:7:      layout_rooms, nicolae_dithmenos_through_a_glass_darkly, serial_shops,
          shop
D:8:      layout_cave_pools, mainiacjoe_overflow_alcove_2,
          chequers_serial_rivers_micro_a, serial_bayou_pond_a, centaur_isle
D:9:      layout_cave_pods
D:10:     layout_loops_ring, gammafunk_temple_overflow_wave, erik_lair_dragon,
          grunt_ministairs_13, uniq_maurice
D:11:     layout_loops_ring, minmay_orc_entry_temple_small
D:12:     layout_long_grid, serial_shops, nicolae_shop_crystal
D:13:     layout_loops_ring, grunt_vaults_entry_tiered, uniq_josephine
D:14:     layout_layer_cave, fedhas_altar_2
D:15:     grunt_enter_depths_snipers, layout_rooms, trog_three_pillars_becter,
          ebering_dispersal_statue_hall
Temple:   hellmonk_temple_divided_pantheon
Lair:1:   layout_loops_ring, nicolae_quartered_pool_little, uniq_urug
Lair:2:   layout_small_grid, minmay_shoals_entry_beasts,
          nicolae_snake_entry_squirm, nicolae_volcano_entry_lava_flow,
          ebering_ghost_xom, portal_ice_cave_entry_pillars_2,
          grunt_forest_small_clearing_treed
Lair:3:   layout_roguey
Lair:4:   layout_layer_cave, nicolae_slime_entry_field_trip,
          minmay_shattered_shrine
Lair:5:   hellmonk_lair_end_abyssal_woods, layout_hall_layers, uniq_kirke
Shoals:1: layout_shoals, serial_shops, shop, shop, nicolae_shop_window_shopping,
          nicolae_shop_gaudy_bauble, nicolae_shop_stone,
          nicolae_shop_firing_range
Shoals:2: layout_shoals
Shoals:3: layout_shoals
Shoals:4: shoals_end_grunt_ice, layout_shoals, nicolae_shoals_water_booths
Snake:1:  layout_chambers, minmay_shoptagon, grunt_megastairs_2, uniq_jorgrun,
          uniq_azrael
Snake:2:  layout_misc_corridors, gammafunk_ghost_grave, serial_shops,
          nicolae_shop_tiny_glass, serial_bayou_shore_a, nicolae_triple_integral
Snake:3:  layout_layer_cave, uniq_vashnia, uniq_donald, uniq_agnes
Snake:4:  grunt_snake_rune_serpentine_throne, layout_cave_town
Slime:1:  layout_caves
Slime:2:  layout_caves, nicolae_slime_barrier
Slime:3:  layout_caves, uniq_dissolution
Slime:4:  layout_caves
Slime:5:  slime_pit_nicolae_inversion
Orc:1:    layout_caves, basic_altar, uniq_snorg, uniq_erica, uniq_gastronok
Orc:2:    st_orc_ogre_mass, layout_caves
Vaults:1: v_alt_pattern_2, hangedman_vaults_hat, nicolae_vaults_wrenched,
          nicolae_vaults_diagonal_hallway_7,
          serial_library_hellmonk_open_square, grunt_vaults_focal,
          nicolae_vaults_security_offices_2, layout_vaults_omnigrid,
          serial_shops, nicolae_shop_tiny_glass, uniq_norris, uniq_zenata
Vaults:2: minmay_crypt_entry_nasty_monster, vaults_room_large_hall,
          grunt_vaults_hallway_long, v_pattern_1, lightli_orcish_oven,
          vaults_dpeg_encased_lava, nicolae_vaults_surprise_closet,
          layout_vaults_big_room
Vaults:3: v_misc_30, ontoclasm_vaults_chip, st_lines,
          nicolae_vaults_specimen_jars, ontoclasm_vaults_shuriken, v_rooms_4,
          nicolae_vaults_sightless_eye, v_misc_9, ontoclasm_vaults_pinch,
          v_misc_17, v_alt_pattern_5, nicolae_vaults_angled_halls,
          nicolae_vaults_rhombus_7, nicolae_vaults_diagonal_hallway_7,
          nicolae_vaults_variable_pillar_hall_cross, layout_vaults_maze,
          uniq_margery, uniq_bai_suzhen
Vaults:4: vaults_room_corners, nicolae_vaults_security_offices_5,
          nicolae_vaults_closet_pinwheel_2, vaults_standard_mumra_x,
          nicolae_vaults_closet_pinwheel_6, hangedman_vaults_maws,
          serial_library_regret_index_small_wings,
          nicolae_vaults_network_quinsquares
          [nicolae_vaults_network_quincunx_subvault,
          nicolae_vaults_network_quincunx_subvault,
          nicolae_vaults_network_quincunx_subvault,
          nicolae_vaults_network_quincunx_subvault],
          nicolae_vaults_layer_cake_slice, v_alt_pattern_1,
          layout_vaults_omnibox, uniq_sojobo

Skill      XL: |  1  2  3  4  5  6  7  8  9 10 11 12 13 14 15 16 17 18 19 20 21 |
---------------+----------------------------------------------------------------+-----
Armour         | 2 4 5 6 8 10 12 14 16 18 19 21 | 21.2
Short Blades   | 1 2 |  2.0
Dodging        | 2 3 5 6 8 9 |  9.0
Axes           | 4 5 6 7 9 11 12 14 16 17 18 | 18.0
Fighting       | 4 5 6 7 9 10 12 14 15 17 18 20 21 | 21.9
Evocations     | 4 7 9 11 12 14 16 18 | 18.0
Throwing       | 3 6 |  6.0

Action                     |  1- 3 |  4- 6 |  7- 9 | 10-12 | 13-15 | 16-18 | 19-21 | 22-24 || total
---------------------------+-------+-------+-------+-------+-------+-------+-------+-------++-------
  Melee: Hand axe          |    77 |    68 |   257 |       |       |       |       |       ||   402
         Dagger            |    44 |       |       |       |       |       |       |       ||    44
         Whip              |    27 |    64 |    42 |       |       |       |       |       ||   133
         Short sword       |       |       |   323 |   364 |   180 |       |       |       ||   867
         War axe           |       |       |   107 |   342 |       |       |       |       ||   449
         Spear             |       |       |    32 |    67 |   452 |       |       |       ||   551
         Broad axe         |       |       |       |    94 |   656 |  1488 |  1293 |    78 ||  3609
  Throw: Throwing net      |       |       |     2 |       |       |       |       |       ||     2
         Dart              |       |       |    12 |    10 |    22 |    33 |       |       ||    77
 Invoke: Berserk           |       |     2 |     7 |    13 |    14 |     4 |     6 |       ||    46
         Trog's Hand       |       |     1 |     1 |     2 |     4 |     5 |     7 |     1 ||    21
Ability: Invent Gizmo      |       |       |       |       |     1 |       |       |       ||     1
  Evoke: Wand              |       |       |     2 |     9 |     2 |    11 |    15 |       ||    39
         Sack of spiders   |       |       |       |       |     1 |     1 |     2 |       ||     4
         Phantom mirror    |       |       |       |       |       |     1 |     2 |       ||     3
         Lightning rod     |       |       |       |       |       |       |     4 |     2 ||     6
    Use: Scroll            |       |       |    13 |    10 |     9 |    13 |    10 |     3 ||    58
         Potion            |       |       |       |     2 |       |     2 |     6 |     2 ||    12
   Stab: Sleeping          |     3 |       |       |       |       |       |       |       ||     3
         Paralysed         |       |       |    12 |    17 |     6 |     1 |     2 |       ||    38
         Confused          |       |       |       |       |       |       |       |     1 ||     1
 Armour: Animal skin       |    40 |    10 |       |       |       |       |       |       ||    50
         Chain mail        |       |    33 |   243 |    57 |       |       |       |       ||   333
         Acid dragon scale |       |       |       |   239 |       |       |       |       ||   239
         Ring mail         |       |       |       |    65 |   155 |       |       |       ||   220
         Plate armour      |       |       |       |    10 |   303 |   858 |   676 |    79 ||  1926
  Dodge: Dodged            |    47 |    23 |   130 |   193 |   213 |   289 |   259 |    20 ||  1174
         Repelled          |       |       |       |       |    14 |   102 |    42 |     5 ||   163

Table legend: (Time is in decaauts)
 A = Elapsed time spent in this place.
 B = Non-inter-level travel time spent in this place.
 C = Inter-level travel time spent in this place.
 D = Time resting spent in this place.
 E = Time spent auto-exploring this place.
 F = Levels seen in this place.
 G = Mean time per level.
                   A        B        C        D        E       F      G
               +--------+--------+--------+--------+--------+-----+--------+
         Total |  59649 |  53533 |   6116 |  14051 |  27960 |  42 | 1420.2 |
       Dungeon |  20979 |  17744 |   3235 |   4275 |   9973 |  15 | 1398.6 |
        Temple |    157 |    157 |      0 |    155 |      0 |   1 |  157.0 |
          Lair |  10221 |   9419 |    802 |   2528 |   5367 |   5 | 2044.2 |
        Shoals |   5772 |   5411 |    361 |   1789 |   2105 |   4 | 1443.0 |
     Snake Pit |   9468 |   8873 |    595 |   2268 |   5061 |   4 | 2367.0 |
    Slime Pits |   1077 |   1061 |     16 |    482 |     54 |   5 |  215.4 |
  Orcish Mines |   2382 |   2132 |    250 |    766 |    854 |   2 | 1191.0 |
        Vaults |   8046 |   7193 |    853 |   1747 |   3671 |   4 | 2011.5 |
       Ossuary |    859 |    859 |      0 |     37 |    557 |   1 |  859.0 |
      Ice Cave |    684 |    684 |      0 |      0 |    316 |   1 |  684.0 |
               +--------+--------+--------+--------+--------+-----+--------+

Top non-repeatable levels by time:
 Snake:4: 3231 daAuts
 Snake:1: 2681 daAuts
    D:10: 2662 daAuts
  Lair:5: 2576 daAuts
  Lair:4: 2376 daAuts
    D:11: 2197 daAuts
Vaults:2: 2191 daAuts
Vaults:1: 2117 daAuts
Shoals:3: 2071 daAuts
 Snake:3: 2041 daAuts
  Lair:3: 1969 daAuts
Vaults:3: 1934 daAuts
     D:4: 1872 daAuts
Vaults:4: 1802 daAuts
     D:9: 1723 daAuts
